 Dungeon Crawl Stone Soup version 0.28.0-53-g5a82cb258f (webtiles) character file.

Game seed: 13078202155017280249

44 Esteco1 the Skirmisher (level 3, -12/34 HPs)
             Began as a Minotaur Fighter on May 23, 2022.
             Mangled by a gnoll
             ... wielding a +0 whip of electrocution
              (16 damage)
             ... on level 2 of the Dungeon.
             The game lasted 00:05:51 (998 turns).

Esteco1 the Skirmisher (Minotaur Fighter)            Turns: 998, Time: 00:05:51

Health: -12/34     AC:  8    Str: 22    XL:     3   Next: 39%
Magic:  2/2        EV:  9    Int:  5    God:
Gold:   12         SH:  4    Dex:  9    Spells: 2/2 levels left

rFire   . . .      SeeInvis .   a - +0 long sword
rCold   . . .      Faith    .   c - +0 buckler
rNeg    . . .      Spirit   .   b - +0 scale mail
rPois   .          Reflect  .   (helmet restricted)
rElec   .          Harm     .   o - +0 cloak
rCorr   .          Rampage  .   (no gloves)
Will    .....                   (no boots)
Stlth   ..........              (no amulet)
HPRegen 0.11/turn               (no ring)
MPRegen 0.08/turn               (no ring)

@: no status effects
A: horns 2, retaliatory headbutt
a: no special abilities


You were on level 2 of the Dungeon.
You visited 1 branch of the dungeon, and saw 2 of its levels.

You collected 12 gold pieces.

Inventory:

Hand Weapons
 a - a +0 long sword (weapon)
 f - a +0 dagger
 g - a +0 club
 i - a +0 short sword
 s - a +0 whip
Missiles
 j - 23 stones (quivered)
 m - 17 bolts
 n - 20 arrows
 p - 6 poisoned darts
 q - 3 boomerangs
Armour
 b - a +0 scale mail (worn)
 c - a +0 buckler (worn)
 k - a +0 helmet
 o - a +0 cloak (worn)
 r - a +0 ring mail
Potions
 d - a potion of might
 e - a potion of ambrosia {unknown}
 h - a potion of berserk rage {unknown}


   Skills:
 * Level 4.4 Fighting
 + Level 3.0 Long Blades
 + Level 4.0 Armour
 + Level 4.0 Shields


You had 2 spell levels left.
You didn't know any spells.
Your spell library was empty.

Dungeon Overview and Level Annotations

Branches:
Dungeon (2/15)

Altars:


Innate Abilities, Weirdness & Mutations

You have a pair of horns on your head.
You reflexively headbutt those who attack you in melee.


Message History

Your ball python bites the gnoll.
The gnoll dies!
The gnoll hits you with a +0 spear.
Your goblin completely misses the endoplasm.
Your Armour skill increases to level 4!
Your Shields skill increases to level 4!
You have reached level 3!
Your experience leads to an increase in your attributes!
Increase (S)trength, (I)ntelligence, or (D)exterity?
Uppercase letters only, please.
You feel stronger. x2
You closely miss the gnoll.
The endoplasm barely misses your ball python.
Something hits your goblin!
Your goblin dies!
Your goblin's corpse dissolves into shadows!
The gnoll hits you but does no damage.
You slash the gnoll!
The gnoll is almost dead.
The gnoll hits you with a +0 spear.
You swap places.
Your ball python bites the gnoll.
The gnoll dies!
The endoplasm freezes you.
You are frozen.
The gnoll hits you but does no damage.
Your Long Blades skill increases to level 3!
You slash the endoplasm!
You kill the endoplasm!
Your ball python dissolves into shadows!
The gnoll hits you from afar with a +0 spear.
You block the gnoll's attack.
You closely miss the gnoll.
The gnoll hits you but does no damage. x2
You are electrocuted!
* * * LOW HITPOINT WARNING * * *
You completely miss the gnoll. The gnoll hits you but does no damage.
There is a stone staircase leading up here.
You can't go down here!
The gnoll hits you with a +0 whip of electrocution.
* * * LOW HITPOINT WARNING * * *
You are electrocuted!
You die...

######### # #.......###
#.#.##...... .#
#.#.##.##.##### .#
.......@gg....# .#
###.##.#..###.##.# .#
#.##.#..#<....# .#
######.......#g###.# .#
#..............# .#
.######.######..)###)###g.
<.....lg# ##.####......#
#######.# #..S....... #
#.# ############


You could see 2 gnolls.

Vanquished Creatures
  A bat (D:1)
  3 endoplasms
  A giant cockroach (D:1)
  A goblin (D:1)
  2 hobgoblins (D:1)
  4 jackals (D:1)
  A quokka (D:1)
  4 ball pythons
  A frilled lizard (D:1)
  A kobold (D:1)
  A rat (D:1)
20 creatures vanquished.

Vanquished Creatures (collateral kills)
  2 gnolls (D:2)
2 creatures vanquished.

Vanquished Creatures (others)
  2 fungi (D:2)
2 creatures vanquished.

Grand Total: 24 creatures vanquished

Notes
Turn   | Place    | Note
-------+----------+-------------------------------------------
     0 | D:1      | Esteco1 the Minotaur Fighter began the quest for the Orb.
     0 | D:1      | Reached XP level 1. HP: 19/19 MP: 0/0
   301 | D:1      | Reached XP level 2. HP: 23/27 MP: 1/1
   983 | D:2      | Reached XP level 3. HP: 20/33 MP: 2/2
   998 | D:2      | Mangled by a gnoll

Illustrated notes

Levels and vault maps discovered:
D:1:      minmay_arrival_solitary_statue, layout_loops_ring, solitary_fountain,
          minivault_14
D:2:      layout_loops_ring, serial_shops, nicolae_lakefront_shop,
          roderic_serpentine_path, grunt_decor_fettered,
          minmay_misc_feat_square, minmay_tree_intersection,
          minmay_gold_behind_fungi

Skill      XL: |  1  2  3 |
---------------+----------+-----
Fighting       | 4 |  4.4
Armour         | 4 |  4.0
Shields        | 4 |  4.0
Long Blades    | 3 |  3.0

Action                   || total
-------------------------++-------
Melee: Long sword        ||    42
       Headbutt          ||     4
  Use: Scroll            ||     1
Armor: Scale mail        ||    18
Dodge: Dodged            ||    16
Block: Buckler           ||     8
